 Dungeon Crawl Stone Soup version 0.24-a0-539-g6aae15eeb0 (webtiles) character file.

Game seed: 8916854648561223784

2188 Norm the Spear-Bearer (level 9, -2/89 HPs)
             Began as an Ogre Abyssal Knight on Aug 16, 2019.
             Was a Believer of Lugonu.
             Slain by an orc warrior
             ... wielding a +0 mace
              (22 damage)
             ... on level 6 of the Dungeon on Aug 17, 2019.
             The game lasted 00:31:34 (10520 turns).

Norm the Spear-Bearer (Ogre Abyssal Knight)        Turns: 10520, Time: 00:31:34

Health: -2/89      AC:  5    Str: 18    XL:     9   Next: 33%
Magic:  14/14      EV: 10    Int: 16    God:    Lugonu [**....]
Gold:   320        SH:  0    Dex:  8    Spells: 8/8 levels left

rFire    . . .     SeeInvis .   u - +1 trident
rCold    . . .     Gourm    .   (no shield)
rNeg     . . .     Faith    .   b - +0 robe
rPois    .         Spirit   .   (helmet restricted)
rElec    .         Reflect  .   o - +1 cloak
rCorr    .         Harm     .   (gloves unavailable)
MR       .....                  (boots unavailable)
Stlth    +.........             (no amulet)
HPRegen  0.24/turn              (no ring)
MPRegen  0.14/turn              (no ring)

@: no status effects
A: large, unfitting armour, tough skin 1
a: Depart the Abyss, Bend Space, Renounce Religion


You were on level 6 of the Dungeon.
You worshipped Lugonu.
Lugonu was pleased with you.
You were very hungry.

You visited 1 branch of the dungeon, and saw 7 of its levels.
You visited the Abyss 1 time.

You collected 320 gold pieces.

Inventory:

Hand Weapons
 a - a +1 spear
 u - a +1 trident (weapon)
 B - the +9 falchion of Chaos {speed, *Drain Int+4 Dex+4 Stlth+, unknown}
   (You found it on level 5 of the Dungeon)

   Attacks with this weapon are significantly faster.
   It affects your intelligence (+4).
   It affects your dexterity (+4).
   It causes draining when unequipped.
   It makes you more stealthy.
Missiles
 h - 6 javelins
 n - 194 stones
 y - 7 curare-tipped darts (quivered)
Armour
 b - a +0 robe (worn)
 o - a +1 cloak (worn)
 w - a +0 shield of reflection
 E - the cursed +0 robe of Sesicuip {Int+4 SInv, unknown}
   (You found it on level 6 of the Dungeon)

   It affects your intelligence (+4).
   It lets you see invisible.
   It has a curse placed upon it.
Jewellery
 p - an uncursed ring of fire
 D - an uncursed ring of wizardry {unknown}
Wands
 C - a wand of flame (12)
Scrolls
 d - 2 scrolls of remove curse
 f - a scroll of amnesia {unknown}
 g - 2 scrolls of teleportation
 l - a scroll of immolation
 m - a scroll of fog {unknown}
 q - 2 scrolls of enchant armour
 r - 2 scrolls of blinking
 t - 2 scrolls of magic mapping
 v - 2 scrolls of enchant weapon
 x - a scroll of noise
Potions
 e - a potion of magic
 i - 2 potions of heal wounds {unknown}
 j - a potion of invisibility
 k - 4 potions of haste
 s - 2 potions of curing
 z - 2 potions of brilliance
 A - a potion of degeneration {unknown}
Comestibles
 c - 11 rations


   Skills:
 - Level 5.9 Fighting
 * Level 9.5 Polearms
 - Level 0.4 Throwing
 - Level 3.2 Dodging
 - Level 1.0 Stealth
 + Level 6.8 Invocations


You had 8 spell levels left.
You didn't know any spells.
Your spell library was empty.

Dungeon Overview and Level Annotations

Branches:
Dungeon (7/15)             Temple (0/1) D:6

Altars:
Kikubaaqudgha
Okawaru
Yredelemnul
The Shining One

Shops:
D:6 }   D:7 *

Annotations:
D:3 1 runed translucent door, Crazy Yiuf


Innate Abilities, Weirdness & Mutations

You are too large for most types of armour.
You have tough skin. (AC +1)


Message History

You puncture the orc warrior!
The orc warrior is severely wounded.
The orc warrior hits you with a +0 mace!!
You barely miss the orc warrior.
The orc warrior is severely wounded.
The orc warrior hits you with a +0 mace!!
* * * LOW HITPOINT WARNING * * *
You hit the orc warrior but do no damage.
The orc warrior is severely wounded.
The orc warrior hits you with a +0 mace!
* * * LOW HITPOINT WARNING * * *
Okay, then.
Evoke which item? (* to show all) (? for menu, Esc to quit)
Aiming: Throw Flame
Press: ? - help, Shift-Dir - straight line, f - orc warrior
Aim: an orc warrior, wielding a +0 mace and wearing a +1 chain mail of fire resistance (severely wounded)
The puff of flame hits the orc warrior but does no damage.
The orc warrior is severely wounded.
The orc warrior hits you with a +0 mace!!
You die...

###############
#....@o.......#
#.#####.#####.# #.# #.#
#.######## #.# #.#
#......... #.# #.#
#.#.##..##
###.#####.#####.#.##..#
#......##........#....#
#.............###.#.###
#.##.....#######....#


You could see an orc warrior.

Vanquished Creatures
  Grinder (D:4)
  Eustachio (D:4)
  Edmund (D:6)
  Menkaure (D:5)
  Duvessa (D:6)
  An ice beast (D:7)
  3 ogres
  A phantom (D:4)
  2 sky beasts (D:5)
  A centaur (D:5)
  2 bullfrogs (D:6)
  A wyvern zombie (D:6)
  2 scorpions
  Dowan (D:6)
  A crimson imp (D:6)
  A hound (D:7)
  A jelly (D:6)
  5 orc wizards
  Terence (D:2)
  2 worker ants
  A howler monkey zombie (D:6)
  A worker ant zombie (D:5)
  2 howler monkey skeletons
  7 adders
  A shadow imp (D:5)
  3 worms
  3 dart slugs (D:1)
  3 leopard geckos
  18 orcs
  2 giant cockroaches
  5 goblins
  4 hobgoblins
  2 jackals (D:3)
  4 quokkas
  7 bats
  4 frilled lizards
  A jackal zombie (D:5)
  6 kobolds (D:2)
  7 rats
111 creatures vanquished.

Vanquished Creatures (others)
  A plant (D:2)
1 creature vanquished.

Grand Total: 112 creatures vanquished

Notes
Turn   | Place    | Note
-------+----------+-------------------------------------------
     0 | Abyss:1  | Norm the Ogre Abyssal Knight began the quest for the Orb.
     0 | Abyss:1  | Reached XP level 1. HP: 24/24 MP: 2/2
    31 | Abyss:1  | Noticed a hell hound
    32 | D:1      | Escaped the Abyss
   197 | D:1      | Reached XP level 2. HP: 32/33 MP: 3/3
   481 | D:1      | Reached * piety under Lugonu
   933 | D:2      | Reached XP level 3. HP: 41/41 MP: 4/4
  1160 | D:2      | Noticed Terence
  1736 | D:2      | Reached skill level 5 in Fighting
  1811 | D:2      | Reached XP level 4. HP: 24/50 MP: 5/5
  2867 | D:2      | Killed Terence
  2867 | D:2      | Reached skill level 3 in Polearms
  3061 | D:3      | Found a basalt altar of Yredelemnul.
  3062 | D:3      | Noticed an ogre
  3080 | D:2      | Killed an ogre
  3080 | D:2      | Reached XP level 5. HP: 15/57 MP: 6/6
  3382 | D:3      | Found a glowing golden altar of the Shining One.
  3460 | D:3      | Found an iron altar of Okawaru.
  3496 | D:3      | Noticed an ogre
  3504 | D:3      | Killed an ogre
  3504 | D:3      | Reached skill level 4 in Polearms
  3504 | D:3      | Reached skill level 1 in Stealth
  3504 | D:3      | Reached XP level 6. HP: 53/67 MP: 7/7
  3744 | D:3      | Found a runed translucent door.
  3745 | D:3      | Noticed Crazy Yiuf
  3878 | D:3      | Reached ** piety under Lugonu
  4632 | D:4      | Noticed Eustachio
  5428 | D:4      | Killed Eustachio
  5428 | D:4      | Reached skill level 5 in Polearms
  5428 | D:4      | Reached XP level 7. HP: 69/74 MP: 7/9
  5541 | D:4      | Found an ancient bone altar of Kikubaaqudgha.
  5571 | D:4      | Noticed Grinder
  5952 | D:4      | Paralysed by Grinder for 6 turns
  5969 | D:4      | Paralysed by Grinder for 5 turns
  5980 | D:4      | Paralysed by Grinder for 4 turns
  5994 | D:4      | Killed Grinder
  5994 | D:4      | Reached skill level 6 in Polearms
  5994 | D:4      | Reached XP level 8. HP: 18/83 MP: 9/11
  6447 | D:5      | Entered Level 5 of the Dungeon
  6703 | D:5      | Reached skill level 7 in Polearms
  6881 | D:5      | Reached skill level 5 in Invocations
  7377 | D:5      | Got a translucent falchion
  7401 | D:5      | Noticed Menkaure
  7412 | D:5      | Killed Menkaure
  7795 | D:5      | Reached skill level 8 in Polearms
  8336 | D:6      | Noticed Edmund
  8354 | D:6      | Killed Edmund
  8554 | D:6      | Found Natecer's Gadget Emporium.
  8889 | D:6      | Reached XP level 9. HP: 42/89 MP: 13/13
  9132 | D:6      | Found a staircase to the Ecumenical Temple.
  9149 | D:6      | Reached skill level 9 in Polearms
  9247 | D:6      | Noticed Dowan
  9250 | D:6      | Noticed Duvessa
  9732 | D:6      | Killed Dowan
  9804 | D:6      | Killed Duvessa
  9876 | D:6      | Got a ripped robe
  9893 | D:6      | Identified a scroll of acquirement
 10215 | D:7      | Found Gocyty's Assorted Antiques.
 10520 | D:6      | Slain by an orc warrior

Levels and vault maps discovered:
D:1:      lightli_iron_boxes, layout_loops_ring
D:2:      layout_loops_cross, first_ration, lexackson_kobold_supper,
          uniq_terence
D:3:      layout_basic, grunt_temple_overflow_open, lemuel_round_altar,
          minmay_strange_pillars, uniq_crazy_yiuf_cottage
D:4:      layout_basic, kiku_gazebo_garden_becter, uniq_grinder, uniq_eustachio
D:5:      layout_basic, minivault_26, uniq_menkaure
D:6:      layout_loops_ring, minmay_temple_entry_metal_lava, serial_shops,
          nicolae_shop_window_shopping, uniq_duvessa, uniq_edmund
D:7:      layout_loops_ring, cheibrodos_ashenzari_chains, serial_shops,
          nicolae_shop_statue_plus, nicolae_shop_crystal, nicolae_shop_stone,
          nicolae_shop_behind_doors, nicolae_shop_crystal

Skill      XL: |  1  2  3  4  5  6  7  8  9 |
---------------+----------------------------+-----
Fighting       | 5 |  5.9
Polearms       | 3 4 5 6 8 9 |  9.5
Dodging        | 3 |  3.2
Stealth        | 1 |  1.0
Invocations    | 3 4 6 |  6.8
Throwing       | |  0.4

Action                   |  1- 3 |  4- 6 |  7- 9 || total
-------------------------+-------+-------+-------++-------
Melee: Spear             |   140 |   197 |       ||   337
       Trident           |       |    42 |   375 ||   417
Throw: Javelin           |     3 |     2 |       ||     5
       Dart              |       |     6 |     7 ||    13
Invok: Depart the Abyss  |     1 |       |       ||     1
Evoke: Wand              |       |       |     1 ||     1
  Use: Scroll            |     3 |     2 |     9 ||    14
       Potion            |       |     3 |     3 ||     6
 Stab: Sleeping          |     1 |     2 |     1 ||     4
       Invisible         |       |     1 |       ||     1
  Eat: Chunk             |     3 |     8 |     8 ||    19
       Ration            |       |     1 |     2 ||     3
Armor: Robe              |    36 |    36 |    46 ||   118
       Skin              |       |       |    15 ||    15
Dodge: Dodged            |    50 |    91 |   118 ||   259

Table legend:
 A = Non-vault XP
 B = Vault XP
 C = Vault XP percentage of total XP
 D = Non-vault monster count
 E = Vault monster count
 F = Vault count percentage of total count
                 A         B        C        D         E       F
            +---------+---------+-------+---------+---------+-------
      Total |    2064 |    1063 |  34.0 |      99 |      12 |  10.8
            +---------+---------+-------+---------+---------+-------
        D:1 |      27 |       0 |   0.0 |      13 |       0 |   0.0
        D:2 |     180 |      44 |  19.6 |      17 |       6 |  26.1
        D:3 |     214 |       0 |   0.0 |      20 |       0 |   0.0
        D:4 |     387 |     480 |  55.4 |       9 |       2 |  18.2
        D:5 |     502 |     157 |  23.8 |      18 |       1 |   5.3
        D:6 |     559 |     382 |  40.6 |      18 |       3 |  14.3
        D:7 |     195 |       0 |   0.0 |       4 |       0 |   0.0
            +---------+---------+-------+---------+---------+-------
